 Dungeon Crawl Stone Soup version 0.21-a0-417-g0adc95b (webtiles) character file.

79 Koleisus the Bolt Thrower (level 4, 0/27 HPs)
             Began as a Kobold Hunter on Nov 3, 2017.
             Succumbed to an adder's poison
             ... on level 2 of the Dungeon.
             The game lasted 00:05:19 (1539 turns).

Koleisus the Bolt Thrower (Kobold Hunter)           Turns: 1539, Time: 00:05:20

Health: 0/27       AC:  3    Str:  9    XL:     4   Next: 62%
Magic:  4/4        EV: 15    Int: 12    God:
Gold:   104        SH:  0    Dex: 16    Spells: 3/3 levels left

rFire    . . .     SeeInvis .   a - +1 hand crossbow
rCold    . . .     Gourm    .   (shield restricted)
rNeg     . . .     Faith    .   c - +0 leather armour
rPois    .         Spirit   .   (no helmet)
rElec    .         Reflect  .   (no cloak)
rCorr    .         Harm     .   (no gloves)
MR       .....                  (no boots)
Stlth    ++........             (no amulet)
HPRegen  0.09/turn              (no ring)
MPRegen  0.09/turn              (no ring)

@: lethally poisoned (0 -> -8)
A: carnivore 3
a: no special abilities


You were on level 2 of the Dungeon.
You were completely stuffed.

You visited 1 branch of the dungeon, and saw 3 of its levels.

You collected 104 gold pieces.

Inventory:

Hand Weapons
 a - a +1 hand crossbow (weapon)
 b - a +0 short sword
 i - a +0 hunting sling
Missiles
 d - 4 bolts (quivered)
 e - 44 arrows
 k - 78 stones
Armour
 c - a +0 leather armour (worn)
Scrolls
 g - a scroll of blinking {unknown}
 m - a scroll of recharging {unknown}
 n - a scroll of noise {unknown}
 o - a scroll of immolation {unknown}
 p - 2 scrolls of teleportation {unknown}
Potions
 h - a potion of haste {unknown}
 l - a potion of mutation {unknown}
Comestibles
 f - 3 meat rations
 j - 3 bread rations
 q - a chunk of flesh


   Skills:
 + Level 2.5 Fighting
 + Level 6.1 Crossbows
 + Level 1.1 Armour
 + Level 3.0 Dodging
 + Level 1.3 Stealth


You had 3 spell levels left.
You didn't know any spells.

Dungeon Overview and Level Annotations

Branches:
Dungeon (3/15)

Altars:

Annotations:
D:3 Robin


Innate Abilities, Weirdness & Mutations

You are small and have problems with some larger weapons.
You are carnivorous and can eat meat at any time.


Message History

The adder is severely wounded.
* * * LOW HITPOINT WARNING * * *
You feel sick. The adder barely misses you.
The adder bites you but does no damage.
Firing (i - inventory. (,) - cycle):
d - 6 bolts (quivered)
Press: ? - help, Shift-Dir - straight line, f/p - adder
Aim: an adder (severely wounded)
You shoot a bolt.
The bolt hits the adder but does no damage.
The adder is severely wounded.
* * * LOW HITPOINT WARNING * * *
You feel sick. The adder bites you.
* * * LOW HITPOINT WARNING * * *
Firing (i - inventory. (,) - cycle):
d - 5 bolts (quivered)
Press: ? - help, Shift-Dir - straight line, f/p - adder
Aim: an adder (severely wounded)
You shoot a bolt. The bolt hits the adder.
You kill the adder!
Your Dodging skill increases to level 3!
You die...

#### #####
...####...########
......'...+(...(@#
##..###...####+#(#
###.###...###...o#
...........##....#
####.#####.##....#
#..# #.##....#
##.# #.##....# #.#
#.###'#.# #.#
#.....#.#


You could see an orc.

Vanquished Creatures
  5 adders (D:2)
  9 bats
  7 goblins
  6 hobgoblins
  A quokka (D:2)
  A frilled lizard (D:1)
  3 kobolds (D:1)
  2 rats
34 creatures vanquished.

Notes
Turn   | Place    | Note
-------+----------+-------------------------------------------
     0 | D:1      | Koleisus the Kobold Hunter began the quest for the Orb.
     0 | D:1      | Reached XP level 1. HP: 12/12 MP: 1/1
    54 | D:1      | Reached skill level 5 in Crossbows
   305 | D:1      | Reached XP level 2. HP: 17/17 MP: 2/2
   759 | D:3      | Noticed Robin
   781 | D:2      | Reached XP level 3. HP: 22/22 MP: 3/3
   854 | D:2      | Reached skill level 6 in Crossbows
  1231 | D:2      | Reached skill level 1 in Armour
  1231 | D:2      | Reached XP level 4. HP: 27/27 MP: 4/4
  1538 | D:2      | HP: 1/27 [adder (3)]
  1539 | D:2      | Succumbed to an adder's poison

Vault maps used:
D:1:      erik_arrival_triangle_small, minivault_23
D:2:      overflow_temple_1_default, led_sif_pool
D:3:      bloody_makhleb, nicolae_ru_great_annihilating_truth, first_bread,
          gup_sewer_entry_spiral, minmay_door_square, uniq_crazy_yiuf_cottage,
          uniq_jessica, uniq_robin, uniq_sigmund

Skill      XL: |  1  2  3  4 |
---------------+-------------+-----
Crossbows      | 5 6 |  6.1
Armour         | 1 |  1.1
Dodging        | 3 |  3.0
Fighting       | |  2.5
Stealth        | |  1.3

Action                   |  1- 3 |  4- 6 || total
-------------------------+-------+-------++-------
 Fire: Hand crossbow     |    64 |    14 ||    78
  Eat: Chunk             |     9 |     1 ||    10
Armor: Leather armour    |     2 |     1 ||     3
Dodge: Dodged            |    24 |    21 ||    45

Table legend:
 A = Spawn XP
 B = Non-spawn XP
 C = Spawn XP percentage of total XP
 D = Spawn monster count
 E = Non-spawn monster count
 F = Spawn count percentage of total count
 G = Total turns spent on level
                    A         B        C        D         E        F      G
               +---------+---------+-------+---------+---------+-------+---------
         Total |       0 |     113 |   0.0 |       0 |      34 |   0.0 |  1539
               +---------+---------+-------+---------+---------+-------+---------
           D:1 |       0 |      22 |   0.0 |       0 |      16 |   0.0 |   677
           D:2 |       0 |      91 |   0.0 |       0 |      18 |   0.0 |   856
               +---------+---------+-------+---------+---------+-------+---------
